 Dungeon Crawl Stone Soup version 0.28-a0-1159-g27aa881441 (webtiles) character file.

Game seed: 6764445877750861848

9 siradein the Skirmisher (level 2, 0/27 HPs)
             Began as a Minotaur Fighter on Dec 16, 2021.
             Slain by Sigmund (5 damage)
             ... on level 2 of the Dungeon.
             The game lasted 00:01:47 (474 turns).

siradein the Skirmisher (Minotaur Fighter)           Turns: 474, Time: 00:01:48

Health: 0/27       AC:  9    Str: 20    XL:     2   Next: 6%
Magic:  1/1        EV:  7    Int:  5    God:
Gold:   21         SH:  4    Dex:  9    Spells: 1/1 levels left

rFire   . . .      SeeInvis .   a - +0 long sword
rCold   . . .      Faith    .   c - +0 buckler
rNeg    . . .      Spirit   .   f - +0 chain mail
rPois   .          Reflect  .   (helmet restricted)
rElec   .          Harm     .   (no cloak)
rCorr   .          Rampage  .   (no gloves)
Will    .....                   (no boots)
Stlth   ..........              (no amulet)
HPRegen 0.09/turn               (no ring)
MPRegen 0.07/turn               (no ring)

@: mighty
A: horns 2, retaliatory headbutt
a: no special abilities


You were on level 2 of the Dungeon.
You visited 1 branch of the dungeon, and saw 2 of its levels.

You collected 21 gold pieces.

Inventory:

Hand Weapons
 a - a +0 long sword (weapon)
Armour
 c - a +0 buckler (worn)
 f - a +0 chain mail (worn)
Scrolls
 b - a scroll of amnesia {unknown}
Potions
 e - a potion of curing {unknown}
 g - a potion of invisibility {unknown}


   Skills:
 + Level 3.8 Fighting
 + Level 2.7 Long Blades
 + Level 3.8 Armour
 + Level 3.8 Shields


You had one spell level left.
You didn't know any spells.
Your spell library was empty.

Dungeon Overview and Level Annotations

Branches:
Dungeon (2/15)

Altars:

Shops:
D:1 :

Annotations:
D:2 Sigmund


Innate Abilities, Weirdness & Mutations

You have a pair of horns on your head.
You reflexively headbutt those who attack you in melee.


Message History

You slash the giant cockroach!
You kill the giant cockroach!
No target in view!
No target in view!
A kobold and Sigmund come into view.
Sigmund is wielding a +4 scythe of holy wrath.
Sigmund shouts!
There are monsters nearby!
There are monsters nearby!
There are monsters nearby!
A kobold is nearby!
The kobold hits you with a +3 short sword.
Your chain mail prevents you from hitting the kobold.
Sigmund hits you from afar with a +4 scythe of holy wrath.
The kobold hits you but does no damage.
You hit the kobold.
The kobold is heavily wounded.
Sigmund hits you from afar with a +4 scythe of holy wrath!
* * * LOW HITPOINT WARNING * * *
The kobold hits you but does no damage.
You are too injured to fight recklessly!
You are too injured to fight recklessly!
You are too injured to fight recklessly!
You feel very mighty all of a sudden. The kobold barely misses you.
Sigmund casts a spell.
Sigmund flickers and vanishes!
Deactivating autopickup; reactivate with Ctrl-A.
You closely miss the kobold.
The kobold is heavily wounded.
The kobold completely misses you.
You closely miss the kobold.
The kobold is heavily wounded.
The kobold barely misses you. You block something's attack.
The kobold hits you with a +3 short sword.
* * * LOW HITPOINT WARNING * * *
You closely miss the kobold.
The kobold is heavily wounded.
Something hits you.
You die...

## #### . ..# #. #.#
##.# #####.##
###...##.##.#.##
#...?..K...###.#####
#......##@.##
##....# .......
###.###.###.#
.....K. ..#..#
....... ##.#.#
#.....# #.#.# ##...#
#...# ##.# #..## #.#
#..# #.# #..######


You could see a kobold.

Vanquished Creatures
  An endoplasm (D:1)
  A giant cockroach (D:2)
  A goblin (D:1)
  A hobgoblin (D:1)
  A quokka (D:1)
  2 bats
  A kobold (D:2)
  A rat (D:1)
9 creatures vanquished.

Notes
Turn   | Place    | Note
-------+----------+-------------------------------------------
     0 | D:1      | siradein the Minotaur Fighter began the quest for the Orb.
     0 | D:1      | Reached XP level 1. HP: 19/19 MP: 0/0
   229 | D:1      | Found Jotuasm's Book Shoppe.
   436 | D:2      | Reached XP level 2. HP: 27/27 MP: 1/1
   464 | D:2      | Noticed Sigmund
   474 | D:2      | Slain by Sigmund

Illustrated notes

Levels and vault maps discovered:
D:1:      dpeg_arrival_oval, layout_rooms, serial_shops, shop
D:2:      minmay_wonky_spiral, layout_loops_ring, basic_altar,
          hangedman_abyss_or_decor_stabs, minmay_small_reverse_x, uniq_sigmund

Action                   || total
-------------------------++-------
Melee: Long sword        ||    27
       Headbutt          ||     5
  Use: Potion            ||     1
Armor: Chain mail        ||    18
       Scale mail        ||     1
Dodge: Dodged            ||    16
Block: Buckler           ||     6

Table legend: (Time is in decaauts)
 A = Elapsed time spent in this place.
 B = Non-inter-level travel time spent in this place.
 C = Inter-level travel time spent in this place.
 D = Time resting spent in this place.
 E = Time spent auto-exploring this place.
 F = Levels seen in this place.
 G = Mean time per level.
                   A        B        C        D        E       F      G
               +--------+--------+--------+--------+--------+-----+--------+
         Total |    481 |    448 |     33 |      0 |    355 |   2 |  240.5 |
       Dungeon |    481 |    448 |     33 |      0 |    355 |   2 |  240.5 |
               +--------+--------+--------+--------+--------+-----+--------+

Top non-repeatable levels by time:
     D:1: 416 daAuts
     D:2: 64 daAuts
